AoeStats
← Vaan

Arabia

507050405Analyzed
2v2 RM · 16d ago on Sep 16, 2026· 42m 43s· 4 players
Game mode
Random Map
Map size
Medium (4 player)
Population
200
Speed
Normal
Resources
Standard
Victory
Conquest
Starting age
Dark Age
Ending age
Imperial Age
RankedLock teamsTeams togetherTeam positionsShared explorationLock speedFull tech treeHidden civsTurbo modeCheats
Victory
Defeat
🇹🇷 Britons · Türkiye
1071
+15
🇹🇷 Persians · Türkiye
1046
+16
🇯🇵 Cumans · Japan
1092
-16
🇹🇼 Persians · Taiwan
1025
-15
Vaan
10:51 Feudal Age
13:26 Double-Bit Axe
16:19 Castle Age
20:46 Scale Barding Armor
23:36 Horse Collar
Walter2000
6:37 Loom
9:25 Feudal Age
9:32 Man-at-Arms
11:57 Double-Bit Axe
16:53 Horse Collar
20:17 Padded Archer Armor
20:39 Fletching
24:19 Wheelbarrow
29:05 Castle Age
27:20 Town Watch
29:31 Bloodlines
30:41 Bow Saw
31:32 Heavy Plow
32:48 Hand Cart
37:00 Imperial Age
35:06 Gold Mining
35:41 Bodkin Arrow
35:57 Forging
36:34 Scale Barding Armor
37:19 Gold Shaft Mining
38:35 Iron Casting
38:21 Chain Barding Armor
37:39 Cavalier
39:17 Stone Mining
40:36 Blast Furnace
41:43 Plate Barding Armor
Hasan Alpay
7:23 Loom
10:31 Feudal Age
11:58 Double-Bit Axe
18:11 Horse Collar
19:13 Fletching
20:44 Padded Archer Armor
27:09 Castle Age
27:17 Crossbowman
28:44 Bow Saw
30:19 Wheelbarrow
29:59 Gold Mining
29:35 Elite Skirmisher
30:13 Bodkin Arrow
33:00 Heavy Plow
34:26 Leather Archer Armor
35:11 Ballistics
35:18 Hand Cart
35:51 Husbandry
36:44 Scale Barding Armor
38:40 Chain Barding Armor
cCc_Shelby
3:05 Loom
11:25 Feudal Age
19:08 Castle Age
17:10 Double-Bit Axe
17:13 Horse Collar
18:29 Forging
18:43 Scale Barding Armor
28:23 Devotion
35:25 Herbal Medicine
38:13 Iron Casting
38:48 Wheelbarrow
37:59 Loom
41:32 Chain Barding Armor
Connection lost

Rejoining the realm…

Still unreachable

The connection could not be restored.

Session expired

The server has moved on; the page needs a fresh start.